Map: Submarine LE

Players

DANKCRAFT - Winner!

  • Race: Terran Terran
  • League: Master
  • Spawn Location: 5:00

Skull

  • Race: Zerg Zerg
  • League: Platinum
  • Spawn Location: 11:00

VOD

Have the link to the VOD?

Description

Time

  • Played on: Feb. 16, 2021, 7 p.m.
  • Length: 18:41
Show
View Real Time Build Order
Export as new Build Order

DANKCRAFT Terran - Winner!

Build Orders: Command Center First (CC) 

Get SALT Encoding   

  12  0:00  SCV  
  13  0:12  SCV  
  14  0:23  Supply Depot  
  14  0:24  SCV  
  15  0:44  SCV  
  16  0:57  Command Center  
  16  1:01  SCV  
  17  1:13  SCV  
  18  1:25  SCV  
  19  1:26  Refinery  
  19  1:37  Barracks  
  19  1:53  Supply Depot  
  19  1:54  SCV  
  20  2:05  Command Center  
  20  2:11  SCV  
  20  2:12  SCV  
  22  2:27  Marine  
  22  2:28  Bunker  
  23  2:31  SCV x2  
  25  2:41  Refinery  
  25  2:43  SCV  
  26  2:45  Marine  
  26  2:46  SCV  
  28  2:58  SCV  
  29  3:06  Engineering Bay  
  29  3:28  Supply Depot  
  29  3:29  SCV  
  30  3:37  Planetary Fortress  
  30  3:41  SCV  
  30  3:44  Planetary Fortress  
  31  3:53  SCV  
  32  4:05  SCV  
  33  4:17  SCV  
  34  4:25  Factory  
  34  4:26  Factory  
  34  4:31  SCV  
  35  4:43  SCV  
  35  4:44  Planetary Fortress  
  36  4:47  SCV  
  37  4:55  SCV  
  37  4:59  SCV  
  39  5:01  Refinery  
  39  5:04  Refinery  
  39  5:07  SCV, Barracks  
  39  5:11  SCV, Factory  
  41  5:19  SCV  
  42  5:23  SCV  
  42  5:25  Armory  
  42  5:26  SCV  
  44  5:31  SCV  
  46  5:35  SCV  
  46  5:38  SCV, Supply Depot  
  47  5:43  SCV, Supply Depot  
  47  5:45  Supply Depot  
  47  5:49  Missile Turret  
  48  5:51  Factory Tech Lab x2  
  48  5:55  SCV  
  48  5:56  SCV  
  50  6:07  Neosteel Armor, SCV  
  50  6:08  SCV  
  50  6:09  Factory Tech Lab  
  52  6:16  Supply Depot  
  52  6:18  Supply Depot  
  52  6:20  SCV x2, Supply Depot  
  52  6:22  Missile Turret  
  52  6:24  Missile Turret  
  54  6:32  SCV  
  55  6:33  Missile Turret  
  55  6:34  Refinery  
  55  6:36  Refinery  
  61  6:40  Widow Mine  
  61  6:41  Widow Mine x2  
  61  6:44  SCV  
  62  6:52  SCV  
  63  6:56  SCV  
  63  6:59  Missile Turret  
  64  7:02  Widow Mine x3  
  64  7:05  SCV  
  64  7:08  SCV  
  72  7:14  Missile Turret  
  72  7:15  Missile Turret  
  72  7:20  SCV, Missile Turret  
  73  7:23  Widow Mine  
  73  7:24  Widow Mine, Missile Turret  
  77  7:32  SCV  
  78  7:39  Widow Mine  
  80  7:45  Widow Mine  
  80  7:47  Missile Turret  
  80  7:48  Missile Turret  
  80  7:51  Widow Mine  
  84  7:53  SCV  
  85  7:59  Supply Depot  
  85  8:00  Supply Depot  
  85  8:01  Widow Mine, Starport  
  85  8:05  SCV  
  85  8:06  Widow Mine  
  85  8:09  Factory x2  
  85  8:12  Widow Mine  
  90  8:17  SCV  
  91  8:22  Widow Mine  
  90  8:27  Widow Mine  
  91  8:43  SCV x2  
  93  8:50  Missile Turret  
  93  8:51  Thor x2  
  93  8:52  Thor  
  93  8:55  SCV x2  
  112  9:02  Factory Tech Lab  
  112  9:07  SCV x2  
  114  9:14  SCV  
  115  9:19  Command Center, SCV x2  
  117  9:26  SCV  
  118  9:31  SCV  
  118  9:38  SCV  
  120  9:50  SCV  
  117  10:02  SCV  
  117  10:03  Thor x3  
  131  10:24  Factory Tech Lab  
  131  10:26  Supply Depot  
  131  10:30  Starport Reactor, Supply Depot x2, Thor  
  131  10:31  Supply Depot  
  137  10:46  Thor  
  137  10:47  Thor  
  149  11:07  Thor  
  149  11:10  Widow Mine  
  157  11:13  Widow Mine  
  157  11:15  Planetary Fortress  
  159  11:26  Ghost Academy  
  159  11:27  Ghost Academy  
  159  11:29  Widow Mine  
  159  11:30  Ghost Academy, Missile Turret  
  159  11:31  Widow Mine x2  
  165  11:33  Ghost Academy  
  165  11:34  Missile Turret  
  165  11:35  Widow Mine  
  165  11:36  Missile Turret  
  167  11:49  SCV  
  167  11:50  Widow Mine  
  167  11:51  Widow Mine  
  167  11:52  Widow Mine x2, SCV  
  177  11:54  Barracks Tech Lab  
  177  11:56  Widow Mine  
  177  11:59  Enhanced Shockwaves  
  177  12:00  Personal Cloaking  
  179  12:02  SCV  
  179  12:05  Nuke x2  
  180  12:23  Refinery  
  180  12:27  Refinery  
  180  12:28  Widow Mine, SCV x2  
  180  12:29  Widow Mine  
  180  12:33  Widow Mine  
  180  12:40  Widow Mine x2  
  180  12:41  Starport  
  180  12:42  SCV, Starport  
  180  12:43  SCV  
  178  12:44  Liberator  
  178  12:45  Liberator  
  178  12:49  Widow Mine  
  165  13:08  Supply Depot  
  165  13:09  Supply Depot  
  165  13:10  Supply Depot  
  165  13:11  Supply Depot  
  165  13:18  Nuke  
  165  13:25  Nuke  
  165  13:29  Liberator  
  165  13:30  Widow Mine, SCV x2, Ghost  
  174  13:40  Liberator x2  
  180  13:42  SCV  
  181  13:54  SCV  
  182  13:59  Ghost  
  182  14:23  Liberator x2  
  188  14:27  Ghost  
  186  14:35  Nuke  
  186  14:36  SCV  
  187  14:41  Liberator x2  
  189  14:48  SCV  
  184  14:56  Ghost  
  186  15:00  SCV, Nuke  
  186  15:06  Liberator x2  
  193  15:18  Thor  
  195  15:24  Ghost  
  197  15:39  Nuke x2  
  197  15:53  Ghost  
  195  16:07  Nuke  
  195  16:30  Liberator  
  196  16:36  Nuke  
  196  16:57  Liberator  
  176  17:12  Nuke  
  176  17:13  Nuke  
  169  17:39  Liberator  
Show
View Real Time Build Order
Export as new Build Order

Skull Zerg 

Build Orders: Hatch First 

Get SALT Encoding   

  12  0:02  Drone  
  13  0:12  Overlord  
  13  0:16  Drone  
  14  0:30  Drone  
  14  0:31  Drone  
  16  0:50  Hatchery  
  16  0:53  Drone  
  16  0:56  Drone  
  17  1:00  Drone  
  18  1:11  Extractor  
  17  1:17  Spawning Pool  
  16  1:21  Drone  
  16  1:23  Drone  
  18  1:31  Drone  
  19  1:41  Drone  
  20  1:50  Drone  
  21  2:05  Zergling x4  
  21  2:06  Queen x2  
  27  2:20  Overlord  
  27  2:25  Hatchery  
  27  2:29  Metabolic Boost  
  26  2:36  Drone  
  26  2:37  Drone  
  28  2:51  Drone  
  28  2:52  Drone x4  
  28  2:57  Pneumatized Carapace  
  33  3:03  Overlord  
  32  3:24  Drone  
  32  3:25  Drone x6  
  39  3:33  Queen  
  41  3:37  Overlord  
  40  3:49  Lair  
  40  3:57  Drone  
  40  3:59  Queen  
  40  4:00  Drone  
  40  4:01  Drone x2  
  46  4:05  Drone  
  46  4:06  Drone x2  
  49  4:21  Zergling x2  
  49  4:22  Zergling x12  
  56  4:45  Extractor  
  55  4:46  Evolution Chamber  
  55  4:48  Baneling Nest  
  53  4:56  Drone x2  
  53  4:57  Drone  
  56  5:01  Overlord x3  
  56  5:12  Drone x2  
  58  5:29  Drone, Spire  
  58  5:38  Drone x3  
  58  5:39  Extractor x2  
  58  5:41  Drone x2  
  58  5:42  Drone  
  62  5:44  Zergling x2  
  62  5:45  Zergling x10  
  68  5:51  Drone x2  
  68  5:52  Drone  
  71  5:58  Overlord x2  
  71  6:00  Overlord  
  71  6:03  Drone  
  72  6:25  Drone x2  
  74  6:37  Drone  
  75  6:42  Extractor  
  75  6:43  Mutalisk x7  
  75  6:44  Extractor  
  87  6:47  Drone  
  87  6:48  Drone x2  
  87  6:53  Drone x3  
  93  7:11  Mutalisk  
  93  7:12  Mutalisk x2  
  93  7:15  Overlord x2  
  99  7:16  Overlord x2  
  99  7:23  Hatchery  
  99  7:25  Zerg Ground Armor Level 1  
  98  7:36  Infestation Pit  
  97  7:43  Drone  
  98  8:06  Overseer  
  86  8:39  Hive  
  80  8:44  Overseer, Evolution Chamber  
  79  8:49  Drone  
  78  8:57  Queen  
  78  8:58  Drone x3  
  83  9:11  Drone  
  83  9:13  Zerg Melee Weapons Level 1  
  84  9:28  Zergling x20  
  84  9:29  Zergling x30  
  109  9:37  Drone  
  90  10:15  Ultralisk Cavern  
  90  10:17  Zerg Ground Armor Level 2  
  89  10:30  Hatchery  
  89  10:31  Drone x3  
  89  10:32  Drone  
  92  10:39  Drone  
  92  10:41  Drone x2  
  95  10:53  Overlord x3  
  95  10:54  Overlord  
  95  10:58  Overlord x2  
  95  10:59  Overlord  
  95  11:01  Overseer x3  
  95  11:02  Overseer  
  95  11:04  Chitinous Plating  
  95  11:06  Ultralisk  
  95  11:07  Ultralisk x5  
  131  11:18  Zerg Melee Weapons Level 2  
  131  11:26  Extractor  
  131  11:27  Extractor  
  131  11:31  Ultralisk x3  
  131  11:32  Ultralisk x4  
  171  11:41  Extractor  
  170  11:53  Baneling x4  
  170  11:54  Baneling x3  
  170  12:05  Overlord x4  
  170  12:07  Overlord x3  
  170  12:11  Overseer  
  158  12:48  Overseer  
  156  13:08  Greater Spire  
  156  13:22  Ultralisk x6  
  156  13:23  Ultralisk  
  198  13:29  Zerg Ground Armor Level 3  
  198  13:42  Anabolic Synthesis  
  198  13:59  Overseer x2  
  198  14:22  Overseer x3  
  198  14:28  Zerg Flyer Armor Level 1  
  198  14:39  Overseer x2  
  125  14:54  Corruptor x3  
  125  14:55  Corruptor x3  
  139  15:01  Corruptor x3  
  139  15:02  Corruptor x4  
  150  15:07  Drone  
  150  15:08  Drone  
  152  15:15  Drone x2  
  152  15:17  Queen  
  152  15:18  Drone  
  142  15:52  Drone x2  
  142  15:53  Drone  
  145  16:06  Drone x3  
  145  16:10  Drone x4  
  145  16:11  Drone x3  
  155  16:16  Drone  
  156  16:19  Drone x4  
  156  16:20  Drone x3  
  154  16:34  Corruptor x4  
  154  16:35  Corruptor  
  154  16:36  Corruptor  
  170  16:48  Brood Lord x4  
  171  17:01  Overseer x2  
  122  17:31  Ultralisk  
  122  17:32  Ultralisk  
Tags
 
Add a new tag
Caveats
  • Supply blocks, unpowered buildings, or Contaminate may cause inaccurate times.
  • Supply counts are checked every 10 seconds.